Map: Pillars of Gold LE

Players

Lobo - Winner!

  • Race: Terran Terran
  • League: Bronze
  • Spawn Location: 7:00

redbusman

  • Race: Terran Terran
  • League: Bronze
  • Spawn Location: 1:00

VOD

Have the link to the VOD?

Description

Time

  • Played on: July 14, 2020, midnight
  • Length: 16:41
Show
View Real Time Build Order
Export as new Build Order

Lobo Terran - Winner!

Build Orders:  

Get SALT Encoding   

  12  0:03  SCV  
  13  0:15  SCV  
  14  0:27  Supply Depot, SCV  
  15  0:48  Refinery, SCV  
  16  0:52  Barracks  
  16  1:00  SCV  
  17  1:13  SCV  
  18  1:25  SCV  
  19  1:29  Refinery  
  19  1:37  SCV  
  20  1:45  Supply Depot  
  20  1:49  SCV  
  21  2:02  Command Center  
  21  2:10  Reaper  
  22  2:37  Orbital Command  
  22  2:40  Factory  
  22  2:42  Reaper  
  23  2:49  Refinery  
  23  3:04  SCV  
  24  3:14  Reaper  
  25  3:24  SCV  
  25  3:46  Reaper  
  26  3:54  Factory Tech Lab  
  26  4:09  Orbital Command  
  25  4:12  Starport  
  25  4:18  Marine  
  26  4:25  Supply Depot  
  26  4:27  Engineering Bay  
  26  4:34  SCV  
  26  4:36  Marine  
  26  4:37  Siege Tank  
  31  4:53  Marine  
  32  5:06  Medivac  
  33  5:09  Siege Tank  
  33  5:11  Marine  
  37  5:15  SCV  
  37  5:21  Refinery  
  38  5:25  SCV  
  38  5:27  SCV  
  40  5:36  Medivac  
  40  5:37  SCV  
  40  5:39  SCV  
  40  5:41  Barracks  
  40  5:42  Terran Infantry Armor Level 1  
  44  5:46  Barracks  
  44  5:51  SCV, Missile Turret  
  45  6:01  SCV  
  45  6:02  Supply Depot  
  45  6:03  SCV  
  47  6:11  Missile Turret  
  47  6:16  Bunker  
  47  6:17  Starport Tech Lab  
  47  6:19  Marine  
  48  6:26  Supply Depot  
  48  6:33  Missile Turret  
  48  6:34  SCV  
  48  6:37  Marine  
  50  6:44  Medivac  
  50  6:46  SCV  
  53  6:48  Cloaking Field  
  53  6:50  Barracks Tech Lab  
  53  6:51  Barracks Reactor  
  53  6:55  Marine  
  53  6:57  Factory  
  54  7:11  Starport  
  54  7:13  Marine  
  54  7:14  Medivac  
  57  7:21  Combat Shield  
  57  7:25  Marine  
  58  7:30  Marine, Command Center, SCV  
  58  7:35  SCV  
  61  7:43  Marine  
  62  7:44  Banshee  
  62  7:48  Marine  
  62  7:51  Missile Turret  
  66  7:54  Supply Depot  
  66  8:01  Marine  
  66  8:02  SCV  
  68  8:06  Marine  
  68  8:12  Missile Turret  
  68  8:14  SCV  
  68  8:18  Supply Depot, Marine  
  70  8:24  Marine  
  70  8:25  Factory Tech Lab  
  71  8:27  Siege Tank, Banshee  
  71  8:33  Missile Turret  
  77  8:36  Marine  
  77  8:40  Stimpack, SCV  
  79  8:51  Supply Depot  
  79  8:52  SCV  
  80  8:59  Siege Tank  
  83  9:12  Marine x3  
  83  9:13  Supply Depot, Marine  
  87  9:17  Terran Infantry Weapons Level 1  
  87  9:20  Bunker  
  87  9:21  Armory  
  87  9:30  Marine x4  
  87  9:31  Siege Tank, Supply Depot, Fusion Core  
  86  9:48  Marine x3  
  82  9:54  Supply Depot  
  82  9:58  Marine  
  78  10:03  Siege Tank  
  78  10:06  Marine x3  
  82  10:09  Siege Tank  
  82  10:12  Terran Vehicle Weapons Level 1  
  76  10:16  Marine  
  76  10:17  Supply Depot  
  77  10:23  Marine  
  77  10:24  Marine x2  
  80  10:34  Marine  
  80  10:35  Siege Tank  
  84  10:37  SCV  
  84  10:40  Supply Depot  
  84  10:41  Siege Tank, Marine x2  
  84  10:42  Marine  
  91  10:48  Command Center  
  91  10:49  SCV  
  92  10:52  Marine  
  93  10:59  Marine  
  93  11:01  SCV  
  95  11:07  Siege Tank  
  95  11:09  Marine  
  99  11:13  Siege Tank  
  99  11:14  SCV  
  99  11:16  Marine x2  
  99  11:17  Marine  
  106  11:19  Starport Tech Lab  
  106  11:27  Marine  
  106  11:30  Weapon Refit  
  107  11:34  Marine x2  
  107  11:35  Marine  
  110  11:42  SCV  
  110  11:45  Marine  
  109  11:48  SCV  
  109  11:52  Marine x2  
  109  11:53  Marine  
  113  11:54  SCV  
  113  12:00  SCV  
  115  12:01  Orbital Command  
  115  12:03  Marine  
  115  12:06  SCV, Terran Vehicle And Ship Armor Level 1  
  114  12:09  Marine  
  114  12:10  Marine  
  114  12:11  Marine  
  114  12:12  SCV  
  118  12:16  Supply Depot  
  118  12:18  SCV  
  118  12:21  Marine  
  120  12:27  Refinery  
  120  12:29  Refinery  
  120  12:37  Marine x3  
  120  12:38  Marine  
  120  12:40  Supply Depot  
  124  12:44  SCV  
  125  12:51  Supply Depot  
  125  12:54  Marine  
  125  12:55  Marine x2  
  125  12:56  Marine, Missile Turret  
  125  12:57  SCV  
  130  13:09  SCV  
  130  13:10  Rapid Reignition System  
  130  13:12  Marine x3  
  131  13:14  Marine  
  131  13:16  Missile Turret  
  131  13:18  Concussive Shells  
  135  13:20  Corvid Reactor  
  135  13:21  SCV  
  135  13:24  Terran Infantry Armor Level 2  
  136  13:33  SCV  
  137  13:37  Missile Turret  
  137  14:00  Terran Ship Weapons Level 1  
  137  14:07  Advanced Ballistics  
  137  14:09  Marine x4  
  136  14:27  Marine x4  
  124  14:40  Hyperflight Rotors  
  124  14:44  Marine  
  124  14:45  Marine x3  
  128  14:50  Command Center  
  116  15:00  Thor x2  
  116  15:02  Marine x3  
  116  15:03  Marine  
  123  15:20  Marine x2  
  124  15:34  Medivac x2  
  121  15:43  Thor x2  
  133  15:54  Marine x4  
  137  16:04  Medivac x2  
  139  16:12  Marine x4  
Show
View Real Time Build Order
Export as new Build Order

redbusman Terran 

Build Orders:  

Get SALT Encoding   

  12  0:01  SCV  
  13  0:13  SCV  
  14  0:21  Supply Depot  
  14  0:26  SCV  
  15  0:37  Refinery  
  15  0:43  SCV  
  16  0:50  Barracks  
  16  0:55  SCV  
  17  1:07  SCV  
  18  1:19  SCV  
  19  1:31  SCV  
  20  1:39  Command Center  
  20  1:40  Marine  
  21  1:52  Orbital Command  
  21  2:08  Barracks Reactor  
  21  2:15  Engineering Bay  
  21  2:22  Factory  
  21  2:28  SCV  
  22  2:37  Supply Depot  
  22  2:40  Supply Depot, SCV  
  23  2:50  Marine x2  
  25  2:52  SCV  
  25  2:55  Supply Depot  
  26  3:02  Terran Infantry Weapons Level 1  
  26  3:13  Starport  
  26  3:16  Refinery  
  26  3:17  Orbital Command  
  25  3:46  SCV  
  26  3:48  SCV  
  25  3:58  SCV  
  25  4:00  SCV  
  26  4:10  SCV, Factory Tech Lab  
  26  4:12  Starport Tech Lab  
  26  4:13  SCV  
  28  4:20  Refinery  
  28  4:22  SCV  
  29  4:24  Marine x2  
  29  4:25  Refinery, SCV  
  32  4:34  SCV, Viking  
  35  4:42  Marine x2  
  37  4:46  SCV  
  38  5:00  Marine  
  38  5:04  Viking  
  41  5:17  Cyclone  
  44  5:35  SCV x2  
  46  5:47  SCV x2  
  46  5:49  Cyclone, Viking  
  53  5:59  SCV  
  53  6:00  SCV  
  55  6:11  Command Center, SCV  
  55  6:12  SCV  
  57  6:19  Viking  
  57  6:21  Cyclone  
  62  6:26  Missile Turret  
  62  6:32  Missile Turret  
  62  6:57  Supply Depot  
  62  6:59  Supply Depot  
  62  7:18  Marine x2, Viking  
  62  7:19  Cyclone, SCV  
  62  7:20  Supply Depot  
  62  7:21  SCV  
  71  7:22  Supply Depot  
  71  7:23  Missile Turret  
  71  7:32  Armory  
  71  7:36  Marine x2  
  73  7:37  Armory  
  73  7:48  Viking  
  73  7:51  Cyclone  
  78  7:54  Marine, SCV x2  
  81  7:59  Planetary Fortress  
  81  8:06  SCV x2  
  83  8:18  SCV x2, Viking  
  87  8:23  Cyclone  
  90  8:30  SCV x2  
  92  8:41  Terran Vehicle And Ship Armor Level 1  
  92  8:43  Terran Vehicle Weapons Level 1  
  92  8:48  Viking  
  92  8:51  SCV  
  92  8:55  Cyclone  
  98  8:57  Refinery  
  98  9:03  SCV  
  98  9:07  Marine x2  
  101  9:15  SCV  
  102  9:25  Marine x2  
  102  9:27  Cyclone  
  102  9:28  SCV  
  108  9:40  SCV  
  108  9:42  Marine x2  
  105  9:59  Cyclone  
  85  10:31  Cyclone  
  88  10:37  Barracks  
  88  10:40  Barracks  
  88  11:03  Marine x2  
  90  11:06  Thor  
  90  11:10  Viking  
  98  11:21  Marine x2  
  100  11:25  Terran Vehicle And Ship Armor Level 2  
  100  11:28  Terran Ship Weapons Level 1  
  100  11:38  Marine x2  
  101  11:40  Viking  
  103  11:48  Thor  
  109  12:11  Missile Turret  
  109  12:13  Missile Turret  
  109  12:18  Missile Turret  
  109  12:21  Supply Depot  
  109  12:26  Supply Depot  
  109  12:29  Missile Turret  
  109  12:33  Missile Turret  
  109  12:37  Refinery  
  109  12:47  Marine x4, Viking  
  115  13:05  Marine x2  
  117  13:23  Factory  
  117  13:25  Command Center  
  117  13:27  Factory  
  117  13:34  Supply Depot  
  117  13:35  Supply Depot  
  117  13:37  Supply Depot  
  117  13:38  Supply Depot x3  
  117  13:41  Terran Vehicle Weapons Level 2  
  117  13:43  Terran Ship Weapons Level 2  
  117  13:55  Marine x2, Thor  
  117  13:56  Marine x2, Viking  
  129  14:13  Command Center  
  122  14:26  Viking  
  118  14:38  Thor  
  124  14:50  Command Center  
  122  14:56  Command Center, Viking  
  78  15:09  Marine x2  
  80  15:18  Factory Tech Lab x2  
  77  15:21  Thor  
  77  15:26  Viking  
  77  15:27  Marine  
  79  15:42  Siege Tank  
  71  15:45  Siege Tank, Marine  
  70  15:50  Planetary Fortress  
  70  15:56  Viking  
  66  16:02  Marine  
Tags
 
Add a new tag
Caveats
  • Supply blocks, unpowered buildings, or Contaminate may cause inaccurate times.
  • Supply counts are checked every 10 seconds.